 Dungeon Crawl Stone Soup version 0.18.1-8-gdd0e5ea (webtiles) character file.

75753 Ery the Bludgeoner (level 15, -17/155 HPs)
             Began as a Minotaur Berserker on June 11, 2016.
             Was the Champion of Trog.
             Demolished by Poghu the pandemonium lord (22 damage)
             ... in Pandemonium.
             The game lasted 01:42:40 (19697 turns).

Ery the Bludgeoner (Minotaur Berserker)            Turns: 19697, Time: 01:42:40

Health: -17/155    AC: 21    Str: 24    XL:     15   Next: 10%
Magic:  1/11       EV: 12    Int:  2    God:    Trog [******]
Gold:   1100       SH: 24    Dex: 14    Spells: 0 memorised, 14 levels left

rFire  + . .     SeeInvis +     q - +0 demon whip
rCold  . . .     Gourm    .     E - +0 plate armour {rF+}
rNeg   . . .     Faith    .     L - +0 large shield
rPois  +         Spirit   .     (helmet unavailable)
rElec  .         Dismiss  .     a - +0 cloak {rPois}
rCorr  .         Reflect  +     (no gloves)
SustAt .         Harm     .     I - +2 pair of boots of the Assassin {DetectMon Stab+ Stlth++}
MR     +....     Rnd*Tele +     y - +4 amulet of reflection
Stlth  ..........               J - ring of see invisible
                                z - +3 ring of evasion

@: lethally poisoned (-17 -> -18), exhausted, weakened, slowed, drained, very
slow, somewhat resistant to hostile enchantments, extremely unstealthy
A: retaliatory headbutt, horns 3, dopey 1, low mp 2, mutation resistance 1,
robust 1, shaggy fur 1, teleportitis 1, wild magic 1
a: Berserk, Trog's Hand, Brothers in Arms, Burn Spellbooks, Renounce Religion


You were in Pandemonium.
You worshipped Trog.
Trog was exalted by your worship.
You were not hungry.

You visited 2 branches of the dungeon, and saw 17 of its levels.
You visited Pandemonium 1 time, and saw 1 of its levels.

You collected 1479 gold pieces.
You spent 379 gold pieces at shops.

Inventory:

Hand Weapons
 l - a +5 antimagic eveningstar
 q - a +0 demon whip (weapon)
 A - the +0 hand axe of Pride {chop, rElec rN++ MR- Stlth+}
   (You found it on level 4 of the Dungeon)

   It inflicts extra damage upon your enemies.
   It insulates you from electricity.
   It greatly protects you from negative energy.
   It affects your resistance to hostile enchantments.
   It makes you more stealthy.
Armour
 a - a +0 cloak of poison resistance (worn)
 u - a +0 cloak of magic resistance
 w - a +0 shield
 E - a +0 plate armour of fire resistance (worn)
 I - the +2 pair of boots of the Assassin (worn) {DetectMon Stab+ Stlth++}
   (You bought it in a shop on level 9 of the Dungeon)

   It makes you much more stealthy.
 L - a +0 large shield (worn)
Jewellery
 r - an uncursed amulet of guardian spirit
 y - a +4 amulet of reflection (around neck)
 z - a +3 ring of evasion (left hand)
 J - a ring of see invisible (right hand)
Wands
 G - a wand of teleportation (7/9)
Scrolls
 d - 7 scrolls of remove curse
 e - 2 scrolls of magic mapping
 f - 4 scrolls of enchant weapon
 g - a scroll of blinking
 k - 3 scrolls of teleportation
 o - a scroll of identify
 p - 3 scrolls of fog
 v - a scroll of holy word {unknown}
 C - 2 scrolls of enchant armour
 K - a scroll of fear
Potions
 h - a potion of flight
 j - 7 potions of curing
 m - a potion of cancellation {unknown}
 n - 4 potions of might
 t - 2 potions of heal wounds
 F - a potion of ambrosia
Books
 b - a book of the Sky

   Spells                             Type                      Level
   a - Summon Lightning Spire         Summoning/Air                4
   b - Airstrike                      Air                          4
   c - Silence                        Hexes/Air                    5
   d - Deflect Missiles               Charms/Air                   6
   e - Conjure Ball Lightning         Conjuration/Air              6
   f - Tornado                        Air                          9
   Trog disapproves of the use of such an item.
 i - a book of Minor Magic

   Spells                             Type                      Level
   a - Magic Dart                     Conjuration                  1
   b - Blink                          Translocation                2
   c - Call Imp                       Summoning                    2
   d - Repel Missiles                 Charms/Air                   2
   e - Slow                           Hexes                        2
   f - Conjure Flame                  Conjuration/Fire             3
   g - Mephitic Cloud                 Conjuration/Poison/Air       3
   Trog disapproves of the use of such an item.
Comestibles
 c - 2 bread rations
 B - a beef jerky


   Skills:
 * Level 15.3(14.3) Fighting
 - Level 16.1(15.1) Maces & Flails
 * Level 12.5(11.6) Armour
 * Level 9.9(9.0) Dodging
 - Level 3.6(2.8) Stealth
 * Level 15.3(14.3) Shields


You had 14 spell levels left.
You didn't know any spells.

Dungeon Overview and Level Annotations

Branches:
Dungeon (15/15)            Temple (0/1) D:4            Lair (0/8) D:10
    Orc (2/2) D:9             Elf (0/3) Orc:2        Vaults (0/5) D:13
 Depths (0/5) D:15

Altars:
Ashenzari
Cheibriados
Dithmenos
Gozag
Nemelex Xobeh
Vehumet
Xom
Zin

Shops:
D:6 %   D:9 [(!   D:11 }   D:12 ?   Orc:2 *%:(

Portals:
Pandemonium: Orc:2

Annotations:
D:8 Joseph, Pikel


Innate Abilities, Weirdness & Mutations

You reflexively headbutt those who attack you in melee.
You have a pair of large horns on your head.
You are dopey. (Int -2)
Your magical capacity is very low (-20% MP).
You are somewhat resistant to further mutation.
You are robust (+10% HP).
You are covered in fur (AC +1).
You are occasionally teleported next to monsters.
Your spells are a little harder to cast, but a little more powerful.


Message History

The bolt of negative energy hits the Hell Sentinel.
The Hell Sentinel completely resists.
The bolt of negative energy hits you!
You feel drained.
* * * LOW HITPOINT WARNING * * *
Unknown command.
You are too berserk!
Poghu sneers, "Despond, thou droning dread-bolted coxcomb!"
Poghu gestures at you.
The iron shot reflects off an invisible shield around you!
The iron shot hits Poghu.
You block the Hell Sentinel's attack. x2
You feel a strong urge to attack something.
You feel your anger subside.
You are too berserk!
You are no longer berserk.
You are exhausted.
You feel yourself slow down.
You feel sick.
Your iron troll goes berserk!
You feel somewhat more hungry. Poghu barely misses you.
You block Poghu's attack. Poghu hits you!!
You die...

#.###..# #..# ####..## #.#
#..# #..###....... #.# #..#
#....#....... #####.###..##
###.......... #...........#
#.......... ##.###.###....
.....#....... #......# ##.T#
####..#....... #.#########..##
#..#....... #.# #......@.#
#..#####.## ##.####......&1#
#..# ##.## #.............6###
#..# #....
#............2...###..####..##
##.####......3..............#
#.# #..........###..####..#
#.# #....####.## #..####..##
#.# ##### #...# #.........#
#.# #...# #.........#


You could see Poghu, a Hell Sentinel, a lorocyproca (invisible), a torturous
black sun, a sun demon and a friendly iron troll (berserk).

Vanquished Creatures
  A balrug (Pan)
  A corrupter (Pan)
  A salamander stormcaller (D:15)
  Azrael (D:12)
  A lorocyproca (Pan)
  A green death (Pan)
  A black sun (Pan)
  Erolcha (D:9)
  A blizzard demon (Pan)
  Josephine (D:9)
  4 hydras
  Harold (D:10)
  A monstrous demonspawn (Pan)
  Erica (D:9)
  2 centaur warriors
  An ogre mage (D:15)
  2 tengu warriors (D:11)
  5 orc high priests (Orc:2)
  A soul eater (Orc:2)
  3 sun demons
  A skeletal warrior (D:13)
  A salamander mystic (D:15)
  2 torturous demonspawn (Orc:2)
  A putrid demonspawn (Orc:2)
  2 unseen horrors
  6 hill giants
  A gelid demonspawn (Orc:2)
  2 wizards
  7 orc knights
  A manticore (D:15)
  8 ugly things
  A wolf spider (D:15)
  A hornet (D:15)
  5 orc sorcerers (Orc:2)
  A mana viper (shapeshifter) (D:15)
  4 salamanders (D:15)
  A griffon (D:13)
  A sixfirhy (Pan)
  5 cyclopes
  Maurice (D:11)
  An elephant (D:10)
  A rust devil (Orc:2)
  2 smoke demons (Pan)
  An orange demon (Orc:2)
  2 gargoyles
  3 komodo dragons
  4 kobold demonologists
  An ice devil (Pan)
  2 efreet (D:15)
  A demonic crawler (Pan)
  2 hellwings (Pan)
  A tengu conjurer (D:13)
  A merfolk (D:15)
  4 trolls
  4 red devils
  Grinder (D:3)
  2 two-headed ogres
  8 slime creatures
  A water elemental (D:13)
  A ynoxinul (Pan)
  19 yaks
  A large abomination (Pan)
  2 wyverns
  2 basilisks
  6 wraiths
  2 fire elementals (D:12)
  Sigmund (D:3)
  3 hungry ghosts
  A hippogriff (D:11)
  A neqoxec (Pan)
  5 vampire mosquitoes
  2 soldier ants
  4 mottled dragons
  3 wargs
  4 hell hounds (D:12)
  6 sky beasts
  38 orc warriors
  2 eyes of draining
  3 phantoms
  A black bear (D:6)
  4 ice beasts
  A tengu (shapeshifter) (D:15)
  11 ogres
  A boggart (D:13)
  2 wasps
  8 centaurs
  2 crocodiles
  5 big kobolds (D:13)
  A gnoll sergeant (D:4)
  8 giant frogs
  A wyvern zombie (D:12)
  3 scorpions
  3 wyvern skeletons
  2 killer bees (D:9)
  An electric eel (D:13)
  5 howler monkeys
  5 centaur zombies
  10 crimson imps
  2 quasits
  19 orc priests
  3 hounds
  2 giant frog skeletons
  6 centaur skeletons
  4 jellies
  15 orc wizards
  Crazy Yiuf (D:3)
  Jessica (D:2)
  Natasha (thrice) (D:3)
  3 iguanas
  11 worker ants
  4 sheep
  2 worker ant zombies
  12 gnolls
  13 adders
  2 adder zombies
  3 adder skeletons
  2 worms (D:3)
  2 dart slugs
  5 giant geckos
  84 orcs
  8 giant cockroaches
  11 goblins
  7 hobgoblins
  7 jackals
  4 quokkas
  A ball python (D:4)
  2 bats (D:3)
  A giant gecko zombie (D:6)
  4 giant newts
  A jackal skeleton (D:4)
  17 kobolds
  7 rats
574 creatures vanquished.

Vanquished Creatures (collateral kills)
  Kirke (D:12)
  An orc sorcerer (Orc:2)
  A fire elemental (D:12)
  A hog (D:12)
  An orc warrior (D:9)
  An orc wizard (D:9)
  2 orcs (D:9)
8 creatures vanquished.

Vanquished Creatures (others)
  A centaur skeleton (D:13)
  3 humans (D:13)
  An eye of draining (D:15)
  4 centaurs
  3 orcs
  2 kobolds (D:12)
  3 plants (Pan)
17 creatures vanquished.

Grand Total: 599 creatures vanquished

Notes
Turn   | Place    | Note
--------------------------------------------------------------
     0 | D:1      | Ery the Minotaur Berserker began the quest for the Orb.
     0 | D:1      | Reached XP level 1. HP: 19/19 MP: 0/0
   144 | D:1      | Reached XP level 2. HP: 23/27 MP: 1/1
   278 | D:1      | Reached skill level 4 in Maces & Flails
   784 | D:2      | Reached ** piety under Trog
   832 | D:2      | Noticed Jessica
   838 | D:2      | Reached XP level 3. HP: 23/33 MP: 2/2
   840 | D:2      | Killed Jessica
   907 | D:2      | Reached XP level 4. HP: 29/40 MP: 3/3
  1039 | D:2      | Found a glowing silver altar of Zin.
  1224 | D:2      | Reached skill level 5 in Maces & Flails
  1358 | D:3      | Noticed Sigmund
  1363 | D:3      | Killed Sigmund
  1363 | D:3      | Reached XP level 5. HP: 47/47 MP: 4/4
  1404 | D:3      | Reached XP level 6. HP: 26/55 MP: 5/5
  1407 | D:3      | Reached *** piety under Trog
  1707 | D:3      | Reached skill level 6 in Maces & Flails
  1719 | D:3      | Noticed Natasha
  1729 | D:3      | Killed Natasha
  1729 | D:3      | Reached skill level 1 in Stealth
  1731 | D:3      | HP: 3/82 [orc/flail (2)]
  1733 | D:3      | HP: 1/82 [orc (2)]
  2022 | D:3      | Reached skill level 5 in Fighting
  2073 | D:3      | Noticed Natasha
  2079 | D:3      | Killed Natasha
  2385 | D:3      | Noticed Natasha
  2388 | D:3      | Killed Natasha
  2388 | D:3      | Reached skill level 5 in Dodging
  2493 | D:3      | Noticed Grinder
  2506 | D:3      | Killed Grinder
  2506 | D:3      | Reached XP level 7. HP: 44/61 MP: 6/6
  2594 | D:3      | Noticed Crazy Yiuf
  2599 | D:3      | Killed Crazy Yiuf
  2662 | D:3      | Reached **** piety under Trog
  3621 | D:4      | Reached skill level 7 in Maces & Flails
  3621 | D:4      | Reached XP level 8. HP: 59/70 MP: 7/7
  3744 | D:4      | Found a staircase to the Ecumenical Temple.
  3897 | D:4      | Got a scorched hand axe
  3898 | D:4      | Identified the cursed +0 hand axe of Pride {chop, rElec rN++ MR- Stlth+} (You found it on level 4 of the Dungeon)
  4045 | D:5      | Entered Level 5 of the Dungeon
  4073 | D:5      | Gained mutation: You are occasionally teleported next to monsters. [mutagenic meat]
  4074 | D:5      | Gained mutation: Your spells are a little harder to cast, but a little more powerful. [mutagenic meat]
  4075 | D:5      | Gained mutation: You are robust (+10% HP). [mutagenic meat]
  4128 | D:5      | Reached skill level 5 in Armour
  4197 | D:5      | Reached skill level 1 in Shields
  5187 | D:5      | Reached skill level 8 in Maces & Flails
  5195 | D:5      | Gained mutation: Your magical capacity is low (-10% MP). [mutagenic meat]
  5196 | D:5      | Gained mutation: You have a pair of large horns on your head. [mutagenic meat]
  5197 | D:5      | Gained mutation: Your magical capacity is very low (-20% MP). [mutagenic meat]
  5615 | D:6      | Reached ***** piety under Trog
  5672 | D:6      | Reached XP level 9. HP: 83/86 MP: 6/6
  5745 | D:6      | Found Xedorous's Food Boutique.
  5750 | D:6      | Paralysed by fainting for 7 turns
  5843 | D:6      | Found a shattered altar of Ashenzari.
  5985 | D:6      | Found a snail-covered altar of Cheibriados.
  5989 | D:6      | Found a shadowy altar of Dithmenos.
  5994 | D:6      | Found a shimmering altar of Xom.
  6308 | D:7      | You fall through a shaft!
  6439 | D:8      | Found a shattered altar of Ashenzari.
  6461 | D:8      | Noticed Pikel
  6462 | D:8      | Noticed Joseph
  6745 | D:9      | Found Baisibb's Weapon Shop.
  6745 | D:9      | Found a staircase to the Orcish Mines.
  6745 | D:9      | Found Girgh's Armour Shop.
  6790 | D:9      | Reached skill level 5 in Shields
  6944 | D:9      | Reached skill level 9 in Maces & Flails
  6985 | D:9      | Noticed Erica
  6994 | D:9      | Killed Erica
  6994 | D:9      | Reached XP level 10. HP: 99/99 MP: 7/7
  6996 | D:9      | Found a radiant altar of Vehumet.
  7056 | D:9      | Found Henaacici's Distillery.
  7143 | D:9      | Noticed a cyan ugly thing
  7153 | D:9      | Killed a cyan ugly thing
  7223 | D:9      | Noticed Erolcha
  7238 | D:9      | Killed Erolcha
  7238 | D:9      | Reached skill level 10 in Maces & Flails
  7428 | D:10     | Entered Level 10 of the Dungeon
  7428 | D:10     | Noticed Josephine
  7450 | D:9      | Killed Josephine
  7634 | D:10     | Found a staircase to the Lair.
  7634 | D:10     | Noticed an elephant
  7641 | D:10     | Reached skill level 10 in Fighting
  7650 | D:10     | Killed an elephant
  7709 | D:10     | Reached XP level 11. HP: 108/108 MP: 7/7
  7716 | D:10     | Noticed Harold
  7730 | D:10     | Killed Harold
  7902 | D:10     | Reached skill level 11 in Maces & Flails
  8063 | D:11     | Noticed a tengu warrior
  8064 | D:11     | Noticed a tengu warrior
  8084 | D:11     | Killed a tengu warrior
  8098 | D:11     | Killed a tengu warrior
  8098 | D:11     | Received a gift from Trog
  8315 | D:11     | Noticed Maurice
  8330 | D:11     | Killed Maurice
  8398 | D:11     | Gained mutation: You have a somewhat thin skeletal structure (Dex +2, Stealth). [mutagenic meat]
  8399 | D:11     | Lost mutation: You have a somewhat thin skeletal structure (Dex +2, Stealth). [mutagenic meat]
  8400 | D:11     | Gained mutation: You are covered in fur (AC +1). [mutagenic meat]
  8436 | D:11     | Found Sianop's Gadget Shop.
  8567 | D:11     | Noticed a hill giant
  8572 | D:11     | Killed a hill giant
  8620 | D:11     | Reached skill level 10 in Shields
  8649 | D:11     | Noticed a green ugly thing
  8659 | D:11     | Killed a green ugly thing
  8666 | D:11     | Noticed a hill giant
  8674 | D:11     | Killed a hill giant
  8696 | D:11     | Noticed a five-headed hydra
  8704 | D:11     | Killed a five-headed hydra
  9331 | D:11     | Gained mutation: You are dopey. (Int -2) [potion of mutation]
  9332 | D:11     | Gained mutation: You are somewhat resistant to further mutation. [potion of beneficial mutation]
  9374 | D:12     | Found Nurghir's Magic Scroll Emporium.
  9379 | D:12     | Noticed Azrael
  9380 | D:12     | Noticed a hill giant
  9402 | D:12     | Reached skill level 12 in Maces & Flails
  9407 | D:12     | Killed a hill giant
  9415 | D:12     | Reached XP level 12. HP: 97/121 MP: 8/8
  9763 | D:12     | Killed Azrael
 10202 | D:12     | Noticed a seven-headed hydra
 10211 | D:12     | Killed a seven-headed hydra
 10400 | D:12     | Found a sparkling altar of Nemelex Xobeh.
 10400 | D:12     | Noticed a storm dragon
 10614 | D:13     | Noticed Kirke
 10633 | D:12     | Killed Kirke
 10633 | D:12     | Reached skill level 10 in Armour
 10798 | D:13     | Found an opulent altar of Gozag.
 10880 | D:13     | Reached skill level 13 in Maces & Flails
 10940 | D:13     | Noticed an eight-headed hydra
 10949 | D:13     | Killed an eight-headed hydra
 11418 | D:13     | Noticed a centaur warrior
 11436 | D:13     | Killed a centaur warrior
 11601 | D:13     | Reached XP level 13. HP: 130/130 MP: 9/9
 11657 | D:13     | Found a gate to the Vaults.
 11786 | D:13     | Found a shattered altar of Ashenzari.
 12352 | D:14     | Received a gift from Trog
 12412 | D:14     | Reached skill level 14 in Maces & Flails
 14124 | D:15     | Entered Level 15 of the Dungeon
 14587 | D:15     | Reached skill level 15 in Maces & Flails
 14790 | D:15     | Noticed a salamander stormcaller
 15199 | D:15     | Killed a salamander stormcaller
 15351 | D:15     | Reached XP level 14. HP: 143/143 MP: 3/10
 15852 | D:15     | Found a staircase to the Depths.
 15895 | D:15     | Reached skill level 16 in Maces & Flails
 16438 | D:9      | Bought the +2 pair of boots of the Assassin {DetectMon Stab+ Stlth++} for 325 gold pieces
 16438 | D:9      | Bought a +0 large shield for 54 gold pieces
 16625 | D:9      | Reached ****** piety under Trog
 16673 | Orc:1    | Entered Level 1 of the Orcish Mines
 16832 | Orc:2    | Entered Level 2 of the Orcish Mines
 16832 | Orc:2    | Found a staircase to the Elven Halls.
 17208 | Orc:2    | Found Mimm's Food Shop.
 17213 | Orc:2    | Found Zownyp's General Store.
 17223 | Orc:2    | Received a gift from Trog
 17694 | Orc:2    | Found a radiant altar of Vehumet.
 18075 | Orc:2    | Paralysed by an orc sorcerer for 7 turns
 18182 | Orc:2    | Received a gift from Trog
 18467 | Orc:2    | Found Tysoefoz's Book Emporium.
 18467 | Orc:2    | Found a one-way gate leading to the halls of Pandemonium.
 18467 | Orc:2    | Found Juotrom's Antique Weapon Shoppe.
 18473 | Orc:2    | Lost intelligence.
 18876 | Pan      | Entered Pandemonium
 18888 | Pan      | Reached skill level 15 in Fighting
 19373 | Pan      | Reached skill level 15 in Shields
 19382 | Pan      | Noticed a war gargoyle
 19403 | Pan      | Reached XP level 15. HP: 144/155 MP: 3/11
 19465 | Pan      | Found an exit through the horrors of the Abyss.
 19677 | Pan      | Noticed a Hell Sentinel
 19680 | Pan      | Noticed Poghu the pandemonium lord
 19691 | Pan      | HP: 5/232 [torturous black sun/bolt of negative energy (44)]
 19696 | Pan      | HP: 4/155 [poisoned by a torturous black sun]
 19697 | Pan      | Demolished by Poghu the pandemonium lord

Skill      XL: |  1  2  3  4  5  6  7  8  9 10 11 12 13 14 |
---------------+-------------------------------------------+-----
Maces & Flails | 4 5 6 7 8 9 10 12 13 15 16 | 16.1
Fighting       | 4 5 7 8 10 11 12 13 15 | 15.3
Dodging        | 4 5 6 7 8 9 |  9.9
Armour         | 3 4 5 7 8 9 10 11 12 | 12.5
Stealth        | 1 3 |  3.6
Shields        | 3 6 8 10 12 13 15 | 15.3

Action                   |  1- 3 |  4- 6 |  7- 9 | 10-12 | 13-15 || total
-------------------------+-------+-------+-------+-------+-------++-------
Melee: Mace              |    50 |   113 |   316 |   612 |   270 ||  1361
       Headbutt          |     6 |    16 |    69 |   156 |   238 ||   485
       Unarmed           |       |       |       |     4 |       ||     4
       Eveningstar       |       |       |       |       |   648 ||   648
       Demon whip        |       |       |       |       |    11 ||    11
Invok: Berserk           |       |     3 |     4 |    16 |    13 ||    36
       Burn Spellbooks   |       |       |     1 |     1 |     1 ||     3
       Trog's Hand       |       |       |     1 |     5 |     1 ||     7
       Brothers in Arms  |       |       |     1 |     2 |     2 ||     5
  Use: Scroll            |       |       |     6 |     9 |    10 ||    25
       Potion            |       |       |       |     2 |       ||     2
 Stab: Sleeping          |       |     1 |       |       |       ||     1
  Eat: Beef jerky        |       |     1 |       |     2 |       ||     3
       Chunk             |       |     2 |    10 |    12 |    17 ||    41
       Meat ration       |       |     1 |     2 |     2 |     2 ||     7
       Bread ration      |       |       |     2 |     2 |     3 ||     7
       Royal jelly       |       |       |       |     2 |     1 ||     3
       Fruit             |       |       |       |       |     3 ||     3
Armor: Animal skin       |    14 |     7 |       |       |       ||    21
       Scale mail        |       |    19 |    47 |       |       ||    66
       Chain mail        |       |       |   124 |   126 |       ||   250
       Plate armour      |       |       |       |    32 |   203 ||   235
Dodge: Dodged            |    40 |   100 |   114 |   218 |   197 ||   669
Block: Shield            |       |       |   185 |   509 |   320 ||  1014
       Reflection        |       |       |     9 |    21 |    44 ||    74
       Other             |       |       |       |     1 |       ||     1
       Large shield      |       |       |       |       |   404 ||   404
